 Dungeon Crawl Stone Soup version 0.27.0-1-g7a089689b8 (webtiles) character file.

Game seed: 9802426546357069594

11 Harkinian2 the Firebug (level 2, -1/19 HPs)
             Began as a Human Fire Elementalist on Aug 2, 2021.
             Slain by a hobgoblin (4 damage)
             ... on level 1 of the Dungeon.
             The game lasted 00:02:15 (469 turns).

Harkinian2 the Firebug (Human Fire Elementalist)     Turns: 469, Time: 00:02:15

Health: -1/19      AC:  2    Str:  8    XL:     2   Next: 35%
Magic:  2/5        EV: 12    Int: 15    God:
Gold:   0          SH:  0    Dex: 13    Spells: 4/5 levels left

rFire    . . .     SeeInvis .   (no weapon)
rCold    . . .     Faith    .   (no shield)
rNeg     . . .     Spirit   .   a - +0 robe
rPois    .         Reflect  .   (no helmet)
rElec    .         Harm     .   (no cloak)
rCorr    .         Rampage  .   (no gloves)
Will     .....                  (no boots)
Stlth    ++........             (no amulet)
HPRegen  0.06/turn              (no ring)
MPRegen  0.09/turn              (no ring)

@: mighty
A: no striking features
a: no special abilities


You were on level 1 of the Dungeon.
You visited 1 branch of the dungeon, and saw 1 of its levels.

Inventory:

Armour
 a - a +0 robe (worn)


   Skills:
 + Level 2.1 Dodging
 + Level 2.0 Stealth
 + Level 2.0 Spellcasting
 + Level 1.0 Conjurations
 + Level 3.4 Fire Magic


You had 4 spell levels left.
You knew the following spells:

 Your Spells              Type           Power      Damage    Failure   Level
a - Foxfire               Conj/Fire      32%        2x1d5     9%          1

Your spell library contained the following spells:

 Spells                   Type           Power      Damage    Failure   Level
 Conjure Flame            Conj/Fire      8%         6-21      26%         3
 Inner Flame              Hex/Fire       6%         N/A       32%         3
 Ignite Poison            Fire/Tmut/Pois 5%         N/A       38%         3
 Sticky Flame             Conj/Fire      8%         2d3       65%         4
 Animate Dead             Necr           0%         N/A       91%         4
 Fireball                 Conj/Fire      4%         3d4       94%         5
 Excruciating Wounds      Necr           0%         N/A       99%         5
 Starburst                Conj/Fire      4%         8x6d3     100%        6


Dungeon Overview and Level Annotations

Branches:
Dungeon (1/15)

Altars:


Message History

You are too depleted to draw on your mana recklessly!
The foxfire hits the hobgoblin.
The hobgoblin is moderately wounded.
The foxfire hits the hobgoblin but does no damage.
The hobgoblin is moderately wounded.
Found 12 stones.
You open the door. The hobgoblin closely misses you. The hobgoblin misses you.
There is an open door here.
The hobgoblin hits you but does no damage.
You conjure some foxfire!
The hobgoblin completely misses you.
The foxfire hits the hobgoblin.
The hobgoblin is heavily wounded.
The foxfire hits the hobgoblin but does no damage.
The hobgoblin is heavily wounded.
The hobgoblin barely misses you.
You conjure some foxfire!
The hobgoblin barely misses you.
The foxfire hits the hobgoblin but does no damage.
The hobgoblin is moderately wounded.
The foxfire hits the hobgoblin.
The hobgoblin is heavily wounded.
The hobgoblin hits you. The hobgoblin barely misses you.
You conjure some foxfire!
The hobgoblin closely misses you.
The foxfire hits the hobgoblin.
The hobgoblin is severely wounded.
The foxfire hits the hobgoblin but does no damage.
The hobgoblin is severely wounded.
The hobgoblin hits you. The hobgoblin hits you. The hobgoblin misses you.
You are too injured to fight recklessly!
A quokka comes into view.
The hobgoblin hits you.
It was a potion of might.
You feel very mighty all of a sudden. The quokka bites you.
* * * LOW HITPOINT WARNING * * *
The hobgoblin hits you.
You die...

#..#....#####.# ... #<#
#..#.#.....##.#.... #.#
..#.#.....##.#.... #.#
#####.#.#.....##....# #.#
+.....#.......'..#######.####
#......####...##.#...........
+......'.........#######.####
#......#########....^# #.#
#......#...r@g.#.....# #.# ##
##...#########.#.....# #.# #.
+...'..######.#.#+#####.###.
#)..##......#.#'#.# #8(8##.
#)..##......#.....#####.###.
#...##......#........##.# #.
#...###.....#........##'###.
.........####.#'#...........
..######..#....#.#...........


You could see a quokka and a hobgoblin.

Vanquished Creatures
  A bat (D:1)
  2 endoplasms (D:1)
  A hobgoblin (D:1)
  A quokka (D:1)
  2 ball pythons (D:1)
  2 kobolds (D:1)
  A rat (D:1)
10 creatures vanquished.

Vanquished Creatures (others)
  A goblin (D:1)
  39 foxfires (D:1)
40 creatures vanquished.

Grand Total: 50 creatures vanquished

Notes
Turn   | Place    | Note
-------+----------+-------------------------------------------
     0 | D:1      | Harkinian2 the Human Fire Elementalist began the quest for
                  | the Orb.
     0 | D:1      | Reached XP level 1. HP: 13/13 MP: 3/3
   228 | D:1      | Reached XP level 2. HP: 11/19 MP: 1/5
   379 | D:1      | Got the Incunabulum of Twisted Fire
   469 | D:1      | Slain by a hobgoblin

Illustrated notes

Levels and vault maps discovered:
D:1:      lemuel_arrival_cross, layout_basic, ebering_ecumenical_altar_rust,
          lemuel_flame_loot_1

Action                   || total
-------------------------++-------
Melee: Unarmed           ||     1
 Cast: Foxfire           ||    23
  Use: Potion            ||     1
Armor: Robe              ||     2
Dodge: Dodged            ||    12
